 Dungeon Sprint DCSS version 0.29.1-12-g30fa7ad0bf (webtiles) character file.

Game seed: 9868293464590836971

16138 boopmooplesden the Warrior (level 12, -1/130 HPs)
             Began as a Minotaur Berserker on Dec 15, 2022.
             Was the Champion of Trog.
             Slain by a ghost moth (12 damage)
             ... in the Dungeon (Sprint VII: "The Pits").
             The game lasted 00:05:37 (3559 turns).

boopmooplesden the Warrior (Minotaur Berserker)     Turns: 3559, Time: 00:05:39

Health: -1/130     AC: 20    Str: 27 (28) XL:     12   Next: 7%
Magic:  0/11       EV: 12    Int:  4      God:    Trog [******]
Gold:   68         SH:  0    Dex:  8 (9)  Spells: 11/11 levels left

rFire   . . .      SeeInvis .   u - +5 glaive (flame)
rCold   . . .      Faith    .   (shield currently unavailable)
rNeg    . . .      Spirit   .   q - +4 chain mail
rPois   .          Reflect  .   (helmet restricted)
rElec   .          Harm     .   (no cloak)
rCorr   .          Rampage  .   r - +0 pair of gloves
Will    ++...      NoTele   +   (no boots)
Stlth   ..........              (no amulet)
HPRegen 1.31/turn               (no ring)
MPRegen 0.12/turn               (no ring)

@: lethally poisoned (-1 -> -1), strong-willed (expiring), on berserk cooldown,
regenerating (expiring), slowed, very slow
A: horns 2, retaliatory headbutt
a: Renounce Religion, Berserk, Trog's Hand, Brothers in Arms


You were in the Dungeon.
You worshipped Trog.
Trog was exalted by your worship.
You visited 1 branch You collected 68 gold pieces.

Inventory:

Hand Weapons
 a - a +0 spear
 i - a +2 trident
 m - a +1 vorpal trident
 n - a +4 lajatang
 s - a +4 quarterstaff of speed
 t - a +4 bardiche
 u - a +5 glaive of flaming (weapon)
Armour
 b - a +0 animal skin
 l - a +3 chain mail
 q - a +4 chain mail (worn)
 r - a +0 pair of gloves (worn)
Jewellery
 o - a +3 ring of protection
 p - a +3 ring of dexterity
 w - a ring of see invisible
 y - a ring of protection from fire
Wands
 v - a wand of roots (15)
Scrolls
 h - 2 scrolls of blinking
 k - a scroll of summoning
 x - 2 scrolls of identify
 B - 3 scrolls of fog
 C - 4 scrolls of enchant armour
 D - a scroll of fear
Potions
 c - 10 potions of curing
 d - 21 potions of heal wounds
 e - a potion of haste
 f - 4 potions of magic
 g - 4 potions of berserk rage
 j - 2 potions of invisibility
 A - a potion of resistance
Miscellaneous
 z - a phial of floods


   Skills:
 + Level 19.6 Fighting
 + Level 15.2(18.7) Polearms
 + Level 17.8(19.9) Staves
 + Level 18.1 Armour
 + Level 10.3 Dodging
 + Level 2.9 Stealth


You had 11 spell levels left.
You didn't know any spells.
Your spell library was empty.

Dungeon Overview and Level Annotations

Branches:
Dungeon (1/1)

Altars:


Innate Abilities, Weirdness & Mutations

You have a pair of horns on your head.
You reflexively headbutt those who attack you in melee.


Message History

The naga mage loses its grip on your iron troll.
Your Armour skill increases to level 18!
You hit the naga mage but do no damage.
The naga mage is severely wounded.
You feel sick.
You are no longer poisoned.
The naga mage spits poison at you.
The splash of poison hits you but does no damage.
You are poisoned.
You feel you are being watched by something.
You feel your power leaking away.
The vampire mage gestures wildly while chanting.
Something hits your iron troll. Something grabs your iron troll.
Your iron troll is constricted.
You miss something.
You feel the effects of Trog's Hand fading.
You feel sick. Something hits your iron troll.
Your iron troll is constricted.
Something hits you but does no damage. x2; Something stings you.
You feel clumsy.
You slice something!! You burn something!
You feel sick.
Something hits your iron troll but does no damage.
Your iron troll is constricted.
You feel you are being watched by something.
Something hits you but does no damage. x2; Something stings you!
* * * LOW HITPOINT WARNING * * *
A tarantella comes into view.
You feel sick.
Your iron troll struggles to escape constriction.
Something hits your iron troll but does no damage.
Your iron troll is constricted.
Your iron troll barely misses something.
Your iron troll claws something but does no damage.
Your iron troll barely misses something.
Something hits you!
* * * LOW HITPOINT WARNING * * *
You feel weakened. Something hits you!
* * * LOW HITPOINT WARNING * * *
Something stings you!
You die...

#### ## #.#s# #.# #{#V#
#.# #N#N# #)#)#N# #T#)#
#..#####)##########
#........@.........
#..................
##########''######
##########''######
#####+##................#
')))'.##......#..#......#
#####.##................+
.......'................+
##'#####......#..#......#


You could see a friendly iron troll (summoned, berserk).

Vanquished Creatures
  A death cob (D)
  A black draconian (D)
  An eidolon (D)
  2 hydras (D)
  Erica (D)
  A death yak (D)
  A spriggan druid (D)
  2 flayed ghosts (D)
  2 orc knights (D)
  A moth of wrath (D)
  An elephant (D)
  A manticore (D)
  A gargoyle (D)
  A molten gargoyle (D)
  A smoke demon (D)
  A kobold demonologist (D)
  An unseen horror (D)
  An efreet (D)
  A hellwing (D)
  A troll (D)
  A snapping turtle (D)
  2 jumping spiders (D)
  2 wraiths (D)
  A water elemental (D)
  A steam dragon (D)
  2 wargs (D)
  An acid dragon (D)
  A floating eye (D)
  A swamp drake (D)
  A water moccasin (D)
  An orc warrior (D)
  A black bear (D)
  3 wolves (D)
  An ogre (D)
  A centaur (D)
  2 phantoms (D)
  A bullfrog (D)
  A scorpion (D)
  3 killer bees (D)
  A quasit (D)
  A hell rat (D)
  A mummy (D)
  A gnoll (D)
  An adder (D)
  2 river rats (D)
  An ufetubus (D)
  3 orcs (D)
  2 endoplasms (D)
  A giant cockroach (D)
  4 jackals (D)
  A ball python zombie (D)
  2 bats (D)
  3 frilled lizards (D)
  3 goblins (D)
  2 rats (D)
79 creatures vanquished.

Vanquished Creatures (collateral kills)
  3 hell knights (D)
  A bog body (D)
  A wizard (D)
  A red devil (D)
  A warg (D)
  A naga (D)
  An orc warrior (D)
9 creatures vanquished.

Grand Total: 88 creatures vanquished

Notes
Turn   | Place    | Note
-------+----------+-------------------------------------------
     0 | D        | boopmooplesden the Minotaur Berserker began the quest for
                  | the Orb.
     0 | D        | Reached XP level 1. HP: 19/19 MP: 0/0
    45 | D        | Reached skill level 4 in Fighting
    48 | D        | Reached ** piety under Trog
    52 | D        | HP: 1/20 [ufetubus (2)]
    54 | D        | Reached XP level 2. HP: 1/28 MP: 1/1
   456 | D        | Reached skill level 5 in Polearms
   458 | D        | Noticed a black bear
   463 | D        | Killed a black bear
   464 | D        | Reached skill level 7 in Fighting
   464 | D        | Reached XP level 3. HP: 39/39 MP: 2/2
   464 | D        | Reached XP level 4. HP: 47/47 MP: 3/3
   466 | D        | Reached *** piety under Trog
   661 | D        | Noticed a phantom
   661 | D        | Noticed a bullfrog
   667 | D        | Killed a bullfrog
   667 | D        | Reached **** piety under Trog
   668 | D        | Reached skill level 8 in Fighting
   668 | D        | Reached skill level 5 in Dodging
   668 | D        | Reached XP level 5. HP: 56/56 MP: 4/4
   671 | D        | Killed a phantom
   672 | D        | Reached skill level 9 in Fighting
   672 | D        | Reached skill level 10 in Polearms
   805 | D        | Noticed a floating eye
   809 | D        | Paralysed by a floating eye for 2 turns
   812 | D        | Killed a floating eye
   813 | D        | Reached skill level 10 in Fighting
   813 | D        | Reached skill level 5 in Armour
   813 | D        | Reached XP level 6. HP: 66/66 MP: 5/5
   820 | D        | Reached ***** piety under Trog
   823 | D        | Noticed a kobold demonologist
   825 | D        | Noticed a red devil
   830 | D        | Killed a kobold demonologist
   830 | D        | Received a gift from Trog
   831 | D        | Reached skill level 11 in Fighting
   831 | D        | Reached skill level 1 in Stealth
   831 | D        | Reached XP level 7. HP: 34/75 MP: 6/6
  1121 | D        | Noticed a snapping turtle
  1121 | D        | Noticed a jumping spider
  1127 | D        | Killed a jumping spider
  1128 | D        | Reached skill level 12 in Fighting
  1128 | D        | Reached skill level 1 in Staves
  1130 | D        | Killed a snapping turtle
  1131 | D        | Reached XP level 8. HP: 85/85 MP: 7/7
  1244 | D        | Received a gift from Trog
  1272 | D        | Noticed a gargoyle
  1278 | D        | Killed a gargoyle
  1279 | D        | Reached skill level 13 in Fighting
  1279 | D        | Reached skill level 5 in Staves
  1446 | D        | Noticed a troll
  1451 | D        | Killed a troll
  1465 | D        | Reached XP level 9. HP: 90/93 MP: 8/8
  1465 | D        | Received a gift from Trog
  1484 | D        | Noticed an efreet
  1493 | D        | Killed an efreet
  1497 | D        | Reached skill level 14 in Fighting
  1752 | D        | Noticed a flayed ghost
  1757 | D        | Killed a flayed ghost
  1757 | D        | Received a gift from Trog
  1759 | D        | Reached ****** piety under Trog
  1760 | D        | Reached skill level 10 in Armour
  1899 | D        | Noticed a death yak
  1899 | D        | Noticed an elephant
  1904 | D        | Killed an elephant
  1912 | D        | Killed a death yak
  1913 | D        | Reached skill level 15 in Fighting
  1913 | D        | Reached XP level 10. HP: 105/105 MP: 9/9
  2149 | D        | Noticed a manticore
  2149 | D        | Noticed an orc knight
  2154 | D        | Received a gift from Trog
  2160 | D        | Killed an orc knight
  2165 | D        | Killed a manticore
  2391 | D        | Noticed a spriggan druid
  2392 | D        | Noticed a molten gargoyle
  2392 | D        | Noticed a death cob
  2396 | D        | Killed a spriggan druid
  2396 | D        | Received a gift from Trog
  2397 | D        | Reached skill level 16 in Fighting
  2402 | D        | Killed a death cob
  2403 | D        | Reached skill level 15 in Staves
  2407 | D        | Killed a molten gargoyle
  2416 | D        | Noticed a moth of wrath
  2421 | D        | Killed a moth of wrath
  2714 | D        | Noticed an eight-headed hydra
  2721 | D        | Killed an 11-headed hydra
  2722 | D        | Reached skill level 17 in Fighting
  2722 | D        | Reached XP level 11. HP: 117/117 MP: 10/10
  2729 | D        | Noticed a five-headed hydra
  2739 | D        | Killed a nine-headed hydra
  2926 | D        | Received a gift from Trog
  3074 | D        | Noticed a flayed ghost
  3095 | D        | Killed a flayed ghost
  3102 | D        | Reached skill level 15 in Armour
  3284 | D        | Received a gift from Trog
  3297 | D        | Reached skill level 18 in Fighting
  3517 | D        | Noticed a hell knight
  3517 | D        | Noticed a wizard
  3518 | D        | Noticed a hell knight
  3519 | D        | Killed a hell knight
  3521 | D        | Noticed a black draconian
  3522 | D        | Noticed an orc knight
  3523 | D        | Killed a wizard
  3523 | D        | Noticed Erica
  3526 | D        | Noticed an eidolon
  3530 | D        | Killed a hell knight
  3532 | D        | Killed an orc knight
  3537 | D        | Killed Erica
  3538 | D        | Reached skill level 10 in Dodging
  3542 | D        | Noticed a bog body
  3545 | D        | Killed an eidolon
  3545 | D        | Noticed a naga sharpshooter
  3546 | D        | Reached skill level 19 in Fighting
  3549 | D        | Received a gift from Trog
  3550 | D        | Noticed a hell knight
  3551 | D        | Killed a hell knight
  3552 | D        | Noticed a vampire mage
  3554 | D        | Reached skill level 15 in Polearms
  3554 | D        | Killed a bog body
  3555 | D        | Reached XP level 12. HP: 43/130 MP: 0/11
  3555 | D        | Killed a black draconian
  3559 | D        | Slain by a ghost moth

Illustrated notes

Levels and vault maps discovered:
D:        pitsprint [storerooms_1, entrance_room_1, metal_vault_5, armoury_2,
          mini_pit_1, grid_room_1, main_hall_1, silver_pit, the_coven_3,
          the_vestibule_1, steel_vault_5, golden_pit, hallway_of_sentries,
          crystal_vault_4, iron_vault_5, final_vault]

Skill      XL: |  1  2  3  4  5  6  7  8  9 10 11 12 |
---------------+-------------------------------------+-----
Fighting       | 4 7 8 10 11 12 13 15 17 19 | 19.6
Polearms       | 4 7 9 11 12 13 14 15 | 15.2
Armour         | 3 4 5 6 7 8 10 13 17 18 | 18.1
Dodging        | 4 5 6 7 8 9 10 | 10.3
Stealth        | 1 2 |  2.9
Staves         | 2 7 13 16 17 | 17.8

Action                   |  1- 3 |  4- 6 |  7- 9 | 10-12 || total
-------------------------+-------+-------+-------+-------++-------
Melee: Trident           |    16 |    26 |     6 |       ||    48
       Spear             |     2 |       |       |       ||     2
       Headbutt          |     2 |     3 |    17 |    17 ||    39
       Punch             |       |     1 |       |       ||     1
       Lajatang          |       |       |    71 |    74 ||   145
       Glaive            |       |       |       |    34 ||    34
Invok: Berserk           |     1 |     1 |     4 |     6 ||    12
       Trog's Hand       |       |       |       |     1 ||     1
       Brothers in Arms  |       |       |       |     1 ||     1
  Use: Potion            |       |       |     1 |       ||     1
Armor: Animal skin       |     4 |       |       |       ||     4
       Chain mail        |       |     3 |    44 |    92 ||   139
Dodge: Dodged            |    16 |     3 |    43 |    51 ||   113
